AoeStats
← coretz

Arabian Desert

511166317Analyzed
1v1 RM · 14d ago on Oct 4, 2026· 36m 39s· 2 players
Game mode
Random Map
Map size
Tiny (2 player)
Population
200
Speed
Normal
Resources
Standard
Victory
Conquest
Starting age
Dark Age
Ending age
Imperial Age
RankedLock teamsTeams togetherTeam positionsShared explorationLock speedFull tech treeHidden civsTurbo modeCheats
Victory
Defeat
🇨🇳 Franks · China
909
+17
vs
🇦🇷 Byzantines · Argentina
925
-17
格林帽子变戏法
7:38 Loom
9:59 Feudal Age
23:11 Castle Age
21:08 Double-Bit Axe
22:12 Scale Barding Armor
23:11 Fletching
25:59 Wheelbarrow
26:58 Bow Saw
30:37 Gold Mining
31:34 Padded Archer Armor
31:29 Bodkin Arrow
32:14 Husbandry
35:12 Ballistics
coretz
7:19 Loom
10:02 Feudal Age
10:37 Double-Bit Axe
13:02 Wheelbarrow
14:07 Horse Collar
26:13 Castle Age
30:07 Heavy Plow
33:04 Treadmill Crane
35:04 Gold Mining
36:08 Fletching
Connection lost

Rejoining the realm…

Still unreachable

The connection could not be restored.

Session expired

The server has moved on; the page needs a fresh start.